 Dungeon Crawl Stone Soup version 0.29.0-4-gdea44cf6ec (webtiles) character file.

Game seed: 12087561162864441227

289 qw the Chopper (level 6, -2/35 HPs)
             Began as a Tengu Warper on Aug 28, 2022.
             Slain by a gnoll
             ... wielding a +0 halberd
              (3 damage)
             ... on level 3 of the Dungeon.
             The game lasted 00:00:17 (3587 turns).

qw the Chopper (Tengu Warper)                       Turns: 3587, Time: 00:00:17

Health: -2/35      AC:  7    Str: 13    XL:     6   Next: 31%
Magic:  10/10      EV: 13    Int: 13    God:
Gold:   96         SH:  0    Dex: 14    Spells: 9/9 levels left

rFire   . . .      SeeInvis .   Y - +0 hand axe
rCold   . . .      Faith    .   (no shield)
rNeg    . . .      Spirit   .   g - +0 ring mail
rPois   .          Reflect  .   (helmet restricted)
rElec   .          Harm     .   i - +1 cloak
rCorr   .          Rampage  .   (no gloves)
Will    +....                   (boots unavailable)
Stlth   +.........              (no amulet)
HPRegen 0.11/turn               k - ring of willpower
MPRegen 0.12/turn               (no ring)

@: flying quickly and evasively, quick
A: beak, talons 3, nimble flight
a: no special abilities


You were on level 3 of the Dungeon.
You visited 1 branch of the dungeon, and saw 3 of its levels.

You collected 96 gold pieces.


Innate Abilities, Weirdness & Mutations

You have a beak for a mouth.
You have claws for feet.
Your magical nature lets you fly swiftly and evasively.


   Skills:
 + Level 2.1 Fighting
 - Level 7.0 Axes
 - Level 1.0 Throwing
 - Level 1.1 Armour
 - Level 2.1 Dodging
 - Level 2.0 Spellcasting
 - Level 2.4 Translocations


You had 9 spell levels left.
You didn't know any spells.
Your spell library contained the following spells:

 Spells                   Type           Power      Damage    Failure   Level
 Blink                    Tloc           14%        N/A       30%         2
 Gell's Gravitas          Tloc           7%         N/A       52%         3
 Lesser Beckoning         Tloc           7%         N/A       52%         3
 Teleport Other           Tloc           7%         N/A       52%         3
 Manifold Assault         Tloc           7%         N/A       99%         5

Inventory:

Hand Weapons
 a - a +0 morningstar
 Y - a +0 hand axe (weapon)
Armour
 e - the +8 plate armour of the Dolphin {rF+ Int+5 Dex-4}
   (You took it off Terence on level 3 of the Dungeon)

   Int:       It affects your intelligence (+5).
   Dex:       It affects your dexterity (-4).
   rF:        It protects you from fire.
 g - a +0 ring mail (worn)
 i - a +1 cloak (worn)
Jewellery
 k - a ring of willpower (left hand)
Potions
 b - a potion of might {unknown}
 c - 2 potions of brilliance {unknown}
 d - a potion of experience {unknown}
 h - 3 potions of curing
 j - a potion of heal wounds {unknown}

Dungeon Overview and Level Annotations

Branches:
Dungeon (3/15)

Altars:
Kikubaaqudgha

Shops:
D:1 *

Annotations:
D:2 1 runed translucent door, Crazy Yiuf


Message History

A gnoll comes into view. It is wielding a +0 club.
The gnoll shouts!
You hear a shout!
A gnoll comes into view. It is wielding a +0 halberd.
The gnoll hits you but does no damage.
You barely miss the gnoll. The gnoll hits you with a +0 spear.
You hit the gnoll but do no damage. You claw the gnoll, but do no damage.
The gnoll barely misses you.
You hit the gnoll but do no damage. You claw the gnoll, but do no damage.
The gnoll barely misses you.
You hit the gnoll but do no damage. You claw the gnoll, but do no damage.
Your peck misses the gnoll. You hit the gnoll.
The gnoll hits you with a +0 spear. The gnoll hits you with a +0 club.
The gnoll barely misses you.
You completely miss the gnoll. You claw the gnoll. Your peck misses the gnoll.
The gnoll is severely wounded.
You hit the gnoll but do no damage. The gnoll hits you with a +0 club.
The gnoll hits you from afar with a +0 halberd.
You barely miss the gnoll. You claw the gnoll. Your peck misses the gnoll.
The gnoll is almost dead.
You hit the gnoll but do no damage. The gnoll hits you with a +0 spear.
The gnoll hits you with a +0 club.
The gnoll hits you from afar with a +0 halberd!
You barely miss the gnoll. Your kick misses the gnoll. You peck the gnoll.
You kill the gnoll!
You closely miss the gnoll. The gnoll misses you.
The gnoll hits you but does no damage.
You hit the gnoll but do no damage. The gnoll hits you with a +0 spear.
The gnoll closely misses you.
You hit the gnoll but do no damage. The gnoll hits you with a +0 spear.
The gnoll barely misses you.
You barely miss the gnoll. You claw the gnoll. Your peck misses the gnoll.
The gnoll is moderately wounded.
The gnoll barely misses you. The gnoll closely misses you.
You closely miss the gnoll. You peck the gnoll.
The gnoll is heavily wounded.
The gnoll hits you with a +0 spear.
The gnoll hits you from afar with a +0 halberd.
You die...

###.#.#.#..###.#...#.#..#..#.....
##.........# #.#.#..)#..#..##....
##..#.#.#..# #.#..<..#..#).......
...........# #.####.....#......[.
....##'#'#.# #.....).#.>..######.
...........# ##......#.#.........
...........# #.....?#.#.#.#.#.#.
...........####......#.#.........
..............'.@.g....#.#.#.#.#
...........####.g)...#..........
...........# #..........#.#.#.#
....#...##.# #.................
....###.#### ##........ ......#.#
#........ ......#.# #.....#'#
......#.########.....#.#
......#........


You could see 2 gnolls.

Vanquished Creatures
  Sigmund (D:3)
  Terence (D:3)
  A gnoll (D:3)
  5 adders
  2 worms
  7 ball pythons
  6 bats
  An endoplasm (D:2)
  5 giant cockroaches
  3 goblins
  4 hobgoblins
  2 frilled lizards
  A kobold (D:1)
  7 rats
46 creatures vanquished.

Notes
Turn   | Place    | Note
-------+----------+-------------------------------------------
     0 | D:1      | qw the Tengu Warper began the quest for the Orb.
     0 | D:1      | Reached XP level 1. HP: 12/12 MP: 4/4
     0 | D:1      | 0 ||| qw: Version: 0.1-a-89-g26bdef1
     0 | D:1      | 0 ||| qw: Game counter: 1691
     0 | D:1      | 0 ||| qw: Always use a shield: true
     0 | D:1      | 0 ||| qw: God list: Okawaru
     0 | D:1      | 0 ||| qw: Allow faded altars: false
     0 | D:1      | 0 ||| qw: Do Orc after D:15 true
     0 | D:1      | 0 ||| qw: Do second Lair branch before Depths: true
     0 | D:1      | 0 ||| qw: Lair rune preference: random
     0 | D:1      | 0 ||| qw: Plans: Normal
     0 | D:1      | 0 ||| PLANNING D:1-11
    57 | D:1      | 57 ||| Stepping ~*~*~tactically~*~*~ (stealth).
    59 | D:1      | 59 ||| Stepping ~*~*~tactically~*~*~ (stealth).
    61 | D:1      | 61 ||| Stepping ~*~*~tactically~*~*~ (stealth).
    63 | D:1      | 63 ||| Stepping ~*~*~tactically~*~*~ (stealth).
    65 | D:1      | 65 ||| Stepping ~*~*~tactically~*~*~ (stealth).
    67 | D:1      | 67 ||| Stepping ~*~*~tactically~*~*~ (stealth).
    68 | D:1      | 68 ||| Stepping ~*~*~tactically~*~*~ (stealth).
   121 | D:1      | Reached XP level 2. HP: 17/17 MP: 6/6
   134 | D:1      | Found a faded altar of an unknown god.
   141 | D:1      | Reached skill level 3 in Axes
   724 | D:1      | Found Geemaara's General Store.
   734 | D:1      | 734 ||| SHOPLISTING potion of heal wounds (60 gold, have
                  | 42).
   734 | D:1      | 734 ||| SHOPLISTING potion of resistance (120 gold, have
                  | 42).
   734 | D:1      | 734 ||| SHOPLISTING scroll of brand weapon (114 gold, have
                  | 42).
   965 | D:1      | 965 ||| UPGRADING to +0 ring mail.
   975 | D:1      | 975 ||| DROPPING +0 leather armour.
   976 | D:1      | 976 ||| UPGRADING to +1 cloak.
   981 | D:1      | 981 ||| UPGRADING to ring of willpower.
   982 | D:1      | 982 ||| READING 3 scrolls labelled UPRIENGOZYJY.
   983 | D:1      | 983 ||| READING scroll labelled TINYTI IPERCH.
   988 | D:1      | 988 ||| DROPPING 2 scrolls of noise.
   989 | D:1      | 989 ||| DROPPING scroll of blinking.
  1021 | D:2      | 1021 ||| Stepping ~*~*~tactically~*~*~ (stealth).
  1046 | D:2      | Found an ancient bone altar of Kikubaaqudgha.
  1069 | D:2      | HP: 3/17 [poisoned by an adder]
  1070 | D:2      | Reached XP level 3. HP: 4/21 MP: 7/7
  1072 | D:2      | HP: 1/21 [poisoned by an adder]
  1372 | D:2      | Reached skill level 4 in Axes
  1650 | D:2      | 1650 ||| FLEEEEING.
  1651 | D:2      | 1651 ||| FLEEEEING.
  1652 | D:2      | 1652 ||| FLEEEEING.
  1653 | D:2      | 1653 ||| FLEEEEING.
  1654 | D:2      | 1654 ||| FLEEEEING.
  1655 | D:2      | 1655 ||| FLEEEEING.
  1656 | D:2      | 1656 ||| FLEEEEING.
  1657 | D:2      | 1657 ||| FLEEEEING.
  1658 | D:2      | 1658 ||| FLEEEEING.
  1659 | D:2      | 1659 ||| FLEEEEING.
  1660 | D:2      | 1660 ||| STAIRDANCE
  1690 | D:1      | 1690 ||| READING scroll labelled PESKOQ BUUCO.
  1791 | D:1      | 1791 ||| DRINKING 2 fizzy golden potions.
  1807 | D:2      | 1807 ||| DROPPING +0 club.
  1810 | D:2      | 1810 ||| Stepping randomly (stuck).
  2159 | D:2      | Reached XP level 4. HP: 14/26 MP: 8/8
  2619 | D:2      | Found a runed translucent door.
  2620 | D:2      | Noticed Crazy Yiuf
  2623 | D:2      | 2623 ||| READING scroll labelled XOGEZU RUJA.
  2624 | D:2      | 2624 ||| READING scroll labelled WEUNLU JUOXTOROFE.
  2802 | D:3      | Noticed Sigmund
  2810 | D:3      | Killed Sigmund
  2811 | D:3      | Reached skill level 6 in Axes
  2811 | D:3      | Gained mutation: Your magical nature lets you fly swiftly
                  | and evasively. [Tengu growth]
  2811 | D:3      | Reached XP level 5. HP: 17/30 MP: 9/9
  2811 | D:3      | Reached XP level 6. HP: 20/35 MP: 10/10
  3014 | D:3      | 3014 ||| Stepping ~*~*~tactically~*~*~ (hiding).
  3016 | D:3      | 3016 ||| Stepping ~*~*~tactically~*~*~ (hiding).
  3437 | D:3      | Identified the +8 plate armour of the Dolphin {rF+ Int+5
                  | Dex-4}
  3437 | D:3      | Noticed Terence
  3438 | D:3      | 3438 ||| Stepping ~*~*~tactically~*~*~ (stealth).
  3440 | D:3      | 3440 ||| Stepping ~*~*~tactically~*~*~ (stealth).
  3441 | D:3      | 3441 ||| Stepping ~*~*~tactically~*~*~ (stealth).
  3443 | D:3      | 3443 ||| Stepping ~*~*~tactically~*~*~ (hiding).
  3474 | D:3      | Killed Terence
  3475 | D:3      | Reached skill level 7 in Axes
  3584 | D:3      | HP: 6/35 [gnoll/+0 spear (4)]
  3587 | D:3      | HP: 1/35 [gnoll/+0 spear (2)]
  3587 | D:3      | Slain by a gnoll

Levels and vault maps discovered:
D:1:      matt_arrival_grand_opening, layout_basic, serial_shops, shop,
          ebering_ecumenical_altar_webs, minivault_26, minmay_tromino_i4
D:2:      minmay_general_purpose_star, layout_loops_cross, basic_altar,
          kennysheep_decorative_pillar, uniq_crazy_yiuf_cottage
D:3:      layout_basic, serial_glass, glass_columns_c, glass_columns_b,
          glass_columns_c, glass_columns_b, glass_columns_c, glass_columns_a,
          uniq_terence, uniq_sigmund

Skill      XL: |  1  2  3  4  5  6 |
---------------+-------------------+-----
Axes           | 3 4 6 7 |  7.0
Fighting       | |  2.1
Throwing       | |  1.0
Armour         | |  1.1
Dodging        | |  2.1
Spellcasting   | |  2.0
Translocations | |  2.4

Action                   |  1- 3 |  4- 6 || total
-------------------------+-------+-------++-------
Melee: Hand axe          |    76 |    82 ||   158
       Peck              |    13 |    14 ||    27
       Kick              |    14 |    31 ||    45
       Punch             |     1 |       ||     1
Throw: Boomerang         |     7 |       ||     7
  Use: Scroll            |     3 |     2 ||     5
       Potion            |     1 |       ||     1
Armor: Leather armour    |    11 |       ||    11
       Ring mail         |    24 |    13 ||    37
Dodge: Dodged            |    31 |    50 ||    81

Table legend:
 A = Non-vault XP
 B = Vault XP
 C = Vault XP percentage of total XP
 D = Non-vault monster count
 E = Vault monster count
 F = Vault count percentage of total count
                 A         B        C        D         E       F
            +---------+---------+-------+---------+---------+-------
      Total |     131 |     283 |  68.4 |      35 |      11 |  23.9
            +---------+---------+-------+---------+---------+-------
        D:1 |      18 |       5 |  21.7 |      12 |       3 |  20.0
        D:2 |      48 |      11 |  18.6 |       8 |       6 |  42.9
        D:3 |      65 |     267 |  80.4 |      15 |       2 |  11.8
            +---------+---------+-------+---------+---------+-------
